Map: Ley Lines

Players

kenO

  • Race: Protoss Protoss
  • League: Diamond
  • Spawn Location: 1:00

A.I. 1 (Very Easy) - Winner!

  • Race: Terran Terran
  • Spawn Location: 7:00

VOD

Have the link to the VOD?

Description

Time

  • Played on: Feb. 5, 2025, 8:14 a.m.
  • Length: 9:26
Show
View Real Time Build Order
Export as new Build Order

kenO Protoss 

Build Orders: 1 Gate Expand, Blink Stalkers 

Get SALT Encoding   

  12  0:00  Probe  
  13  0:12  Probe  
  14  0:19  Pylon  
  14  0:24  Probe  
  15  0:33  Probe  
  15  0:37  Gateway  
  15  0:41  Probe  
  16  0:46  Assimilator  
  17  0:51  Probe  
  18  1:04  Probe  
  19  1:16  Probe  
  20  1:24  Cybernetics Core  
  20  1:35  Nexus  
  20  1:38  Pylon  
  20  1:40  Probe  
  20  1:46  Assimilator  
  21  1:51  Adept  
  21  1:52  Probe  
  24  2:03  Warp Gate  
  24  2:06  Probe  
  25  2:18  Probe, Adept  
  26  2:25  Twilight Council  
  28  2:30  Probe  
  29  2:42  Probe  
  29  2:43  Probe  
  30  2:45  Gateway  
  31  2:51  Probe  
  31  2:54  Probe  
  33  2:58  Blink  
  33  3:02  Probe  
  34  3:06  Probe  
  35  3:14  Probe  
  35  3:18  Probe, Robotics Facility  
  37  3:21  Gateway  
  37  3:26  Probe  
  38  3:30  Probe  
  38  3:33  Pylon  
  39  3:38  Probe  
  39  3:39  Pylon  
  40  3:42  Probe  
  41  3:50  Probe  
  41  3:51  Stalker  
  41  3:52  Stalker  
  41  3:55  Probe, Warp Prism  
  49  4:16  Stalker x2  
  49  4:17  Stalker  
  55  4:29  Pylon  
  55  4:39  Stalker x2  
  55  4:40  Stalker  
  55  4:43  Nexus  
  61  4:59  Probe  
  63  5:00  Probe  
  63  5:02  Stalker x3  
  69  5:09  Pylon  
  69  5:12  Probe  
  70  5:17  Charge  
  70  5:24  Assimilator  
  70  5:25  Assimilator  
  70  5:27  Probe x2  
  72  5:35  Probe  
  72  5:39  Probe  
  72  5:42  Robotics Bay  
  74  5:43  Probe  
  74  5:44  Gateway  
  74  5:46  Gateway  
  74  5:48  Forge  
  75  5:51  Probe x2  
  75  5:53  Probe  
  78  6:00  Probe  
  78  6:03  Probe  
  80  6:04  Gateway  
  80  6:05  Probe  
  80  6:08  Protoss Ground Weapons Level 1, Gateway  
  81  6:14  Gateway  
  81  6:15  Probe  
  81  6:16  Probe  
  81  6:17  Pylon  
  81  6:18  Probe  
  84  6:20  Colossus  
  84  6:25  Sentry  
  86  6:27  Extended Thermal Lance, Probe  
  86  6:28  Probe  
  86  6:29  Pylon  
  94  6:41  Pylon, Probe  
  94  6:46  Sentry  
  99  6:51  Probe, Zealot  
  99  6:52  Zealot x2  
  104  7:05  Stalker x2  
  104  7:06  Stalker, Colossus  
  104  7:07  Pylon  
  110  7:18  Pylon  
  116  7:28  Stalker x2  
  116  7:29  Pylon  
  120  7:30  Zealot x2  
  120  7:35  Pylon  
  120  7:36  Pylon  
  124  7:39  Pylon  
  124  7:46  Colossus  
  124  7:50  Stalker x3  
  130  7:52  Pylon  
  130  7:54  Zealot  
  132  8:01  Zealot x3  
  144  8:07  Pylon  
  144  8:10  Pylon  
  144  8:14  Zealot x2  
  144  8:17  Stalker  
  150  8:21  Zealot x2  
  150  8:24  Zealot  
  150  8:26  Stalker  
  158  8:29  Stalker  
  160  8:35  Pylon  
  160  8:51  Stalker x5, Zealot  
  160  8:52  Zealot  
  174  8:57  Zealot  
  176  9:15  Zealot x7  
Show
View Real Time Build Order
Export as new Build Order

A.I. 1 (Very Easy) Terran - Winner!

Build Orders:  

Get SALT Encoding   

  12  0:00  SCV  
  13  0:13  SCV  
  14  0:18  Supply Depot  
  14  0:37  Refinery  
  14  0:43  Barracks  
  14  1:03  Supply Depot  
  14  1:11  Refinery  
  14  1:30  SCV, Marine  
  16  1:42  SCV  
  17  1:54  SCV  
  18  2:04  Marine  
  18  2:06  SCV  
  20  2:18  SCV  
  21  2:30  SCV  
  22  2:38  Marine  
  22  2:44  Orbital Command  
  23  5:17  Marine  
  21  5:45  Marine  
  22  5:54  SCV  
  22  5:56  Factory  
  23  5:58  Supply Depot  
  22  6:07  SCV  
  23  6:14  Marine  
  24  6:20  SCV  
  24  6:22  Supply Depot  
  25  6:32  SCV  
  26  6:43  Starport  
  26  6:44  SCV  
  26  6:45  Marine  
  28  6:55  Command Center  
  28  7:15  Marine  
  28  7:20  Starport Tech Lab  
  29  7:35  Barracks Tech Lab  
  29  7:38  Raven  
  31  7:54  Marauder  
  33  8:08  SCV  
  36  8:13  Raven, Refinery  
  36  8:15  SCV  
  36  8:18  Refinery  
  37  8:23  SCV  
  38  8:30  SCV  
  39  8:37  SCV  
  40  8:44  SCV  
  40  8:52  SCV  
  41  8:59  SCV  
  42  9:06  SCV  
  42  9:07  Marine  
Tags
 
Composition
Blink Stalkers
League
Diamond
Matchup
PvT
Spawn Locations
Cross Positions
Add a new tag
Caveats
  • Supply blocks, unpowered buildings, or Contaminate may cause inaccurate times.
  • Supply counts are checked every 10 seconds.